 Dungeon Crawl Stone Soup version 0.27-a0-1191-g601b473118 (webtiles) character file.

Game seed: 15241759352677045145

51482 pokeman the Eclecticist (level 14, -1/80 HPs)
             Began as a Deep Elf Hedge Wizard on May 23, 2021.
             Was a High Priest of Vehumet.
             Killed from afar by a rime drake (23 damage)
             ... with a flash freeze
             ... on level 3 of the Lair of Beasts.
             The game lasted 01:20:55 (23066 turns).

pokeman the Eclecticist (Deep Elf Hedge Wizard)    Turns: 23066, Time: 01:20:56

Health: -1/80      AC: 12    Str:  7    XL:     14   Next: 23%
Magic:  37/48      EV: 12    Int: 29    God:    Vehumet [*****.]
Gold:   1638       SH:  5    Dex: 14    Spells: 28/51 levels left

rFire    + . .     SeeInvis .   t - +6 hand axe "Zesch" {freeze, rN++ Int+4}
rCold    . . .     Faith    .   G - +0 buckler
rNeg     + + .     Spirit   .   o - +0 acid dragon scales
rPois    .         Reflect  .   O - +0 helmet
rElec    .         Harm     .   u - +0 cloak
rCorr    +         Rampage  .   m - +1 pair of gloves
Will     +....                  (no boots)
Stlth    ++........             H - amulet of regeneration
HPRegen  1.23/turn              c - ring of magical power
MPRegen  0.31/turn              y - ring of protection from fire

@: no status effects
A: no striking features
a: Renounce Religion


You were on level 3 of the Lair of Beasts.
You worshipped Vehumet.
Vehumet was extremely pleased with you.
You visited 3 branches of the dungeon, and saw 19 of its levels.
You also visited: Bailey.

You collected 1638 gold pieces.

Inventory:

Hand Weapons
 t - the +6 hand axe "Zesch" (weapon) {freeze, rN++ Int+4}
   (You took it off an orc on level 14 of the Dungeon)

   It has been specially enchanted to freeze those struck by it, causing extra
   injury to most foes and up to half again as much damage against particularly
   susceptible opponents.
   It can also slow down cold-blooded creatures.
   It affects your intelligence (+4).
   It greatly protects you from negative energy.
 T - a +4 scimitar of flaming
 W - the +1 hand crossbow of the Radish {elec, Dex+5}
   (You took it off a kobold in a bailey)

   It charges the ammunition it shoots with electricity; occasionally upon a
   hit, such missiles may discharge and cause terrible harm.
   It affects your dexterity (+5).
Missiles
 A - 109 bolts
Armour
 m - a +1 pair of gloves (worn)
 o - +0 acid dragon scales (worn)
 u - a +0 cloak (worn)
 G - a +0 buckler (worn)
 O - a +0 helmet (worn)
Magical Staves
 a - a staff of death
Jewellery
 c - a ring of magical power (left hand)
 d - a ring of positive energy
 e - an amulet of the acrobat
 v - a ring of flight
 y - a ring of protection from fire (right hand)
 H - an amulet of regeneration (around neck)
Wands
 i - a wand of paralysis (21)
 n - a wand of polymorph (7)
 p - a wand of acid (6)
 D - a wand of flame (13)
 P - a wand of iceblast (12)
Scrolls
 f - 4 scrolls of enchant weapon
 h - 4 scrolls of magic mapping
 l - a scroll of enchant armour
 q - 8 scrolls of teleportation
 z - a scroll of fog
 B - 2 scrolls of fear {unknown}
 L - 3 scrolls of brand weapon {unknown}
 S - 3 scrolls of vulnerability {unknown}
Potions
 b - 5 potions of heal wounds
 g - a potion of might
 j - a potion of magic
 r - 2 potions of invisibility {unknown}
 s - a potion of cancellation
 w - a potion of brilliance {unknown}
 x - 3 potions of berserk rage
 C - a potion of flight
 J - 3 potions of resistance {unknown}
 K - 7 potions of curing
Miscellaneous
 k - a phial of floods
 Y - a tin of tremorstones (2/2)


   Skills:
 - Level 6.2 Fighting
 + Level 5.7 Armour
 - Level 3.3 Dodging
 - Level 3.1 Stealth
 - Level 4.0 Shields
 * Level 19.3 Spellcasting
 + Level 12.2 Conjurations
 - Level 1.1 Summonings
 - Level 1.1 Translocations
 - Level 1.4 Transmutations
 + Level 11.4 Fire Magic
 - Level 1.0 Ice Magic
 - Level 1.1 Air Magic
 - Level 1.0 Earth Magic
 - Level 1.0 Poison Magic
 - Level 1.2 Evocations


You had 28 spell levels left.
You knew the following spells:

 Your Spells              Type           Power      Damage    Failure   Level
a - Magic Dart            Conj           100%       1d8       0%          1
b - Mephitic Cloud        Conj/Pois/Air  54%        N/A       1%          3
c - Call Imp              Summ           34%        N/A       2%          2
d - Blink                 Tloc           N/A        N/A       2%          2
e - Conjure Flame         Conj/Fire      77%        6-21      1%          3
f - Foxfire               Conj/Fire      100%       2x1d9     0%          1
g - Passwall              Tmut/Erth      29%        N/A       2%          2
h - Swiftness             Air            34%        N/A       4%          3
i - Freezing Cloud        Conj/Ice/Air   27%        6-21      14%         6

Your spell library contained the following spells:

 Spells                   Type           Power      Damage    Failure   Level
 Olgreb's Toxic Radiance  Pois           34%        N/A       4%          4
 Freeze                   Ice            100%       1d11      1%          1
 Frozen Ramparts          Ice            68%        1d8       1%          3
 Hailstorm                Conj/Ice       61%        3d13      1%          4
 Slow                     Hex            28%        N/A       3%          2
 Gell's Gravitas          Tloc           17%        N/A       4%          3
 Ozocubu's Armour         Ice            34%        N/A       4%          3
 Conjure Ball Lightning   Conj/Air       30%        3x3d10    7%          6
 Confusing Touch          Hex            28%        N/A       8%          3
 Lee's Rapid Deconstruct  Erth           16%        3d11*     12%         5
 Yara's Violent Unravell  Hex/Tmut       16%        3d8       13%         5
 Petrify                  Tmut/Erth      35%        N/A       14%         4
 Passage of Golubria      Tloc           N/A        N/A       16%         4
 Summon Lightning Spire   Summ/Air       34%        N/A       16%         4
 Metabolic Englaciation   Hex/Ice        15%        N/A       50%         5
 Silence                  Hex/Air        15%        N/A       50%         5
 Invisibility             Hex            28%        N/A       98%         6
 Tornado                  Air            17%        N/A       100%        9


Dungeon Overview and Level Annotations

Branches:
Dungeon (15/15)            Temple (1/1) D:5            Lair (3/6) D:8
  Swamp (0/4) Lair:2        Snake (0/4) Lair:2          Orc (0/2) D:11
 Vaults (0/5) D:13         Bailey (visited)
 Depths: D:15

Altars:
Ashenzari
Elyvilon
Fedhas
Hepliaklqana
Okawaru
Qazlal
Sif Muna
Uskayaw
Vehumet
Wu Jian
Xom
Yredelemnul

Shops:
D:6 (

Annotations:
D:8 1 runed translucent door
D:15 Louise


Message History

Unknown command.
You see here a blink frog corpse.
You see here a blink frog corpse.
Casting: Freezing Cloud (quite dangerous; 14% risk of failure)
Confirm with . or Enter, or press ? or * to list all spells.
The spell is quite dangerous to cast (14% risk of failure)!
Continue anyway?
Aiming: Freezing Cloud (quite dangerous; 14% risk of failure)
Press: ? - help, Dir - move target, f - rime drake
Aim: a rime drake That beam is likely to hit you.
Continue anyway?
You are engulfed in freezing vapours.
* * * LOW HITPOINT WARNING * * *
The cane toad is engulfed in freezing vapours.
The rime drake is engulfed in freezing vapours.
The cane toad is engulfed in freezing vapours.
The cane toad seems to slow down.
The cane toad stings you but does no damage.
The rime drake is engulfed in freezing vapours. x2
There is an empty arch of ancient stone, spattered with blood here.
Unknown command.
The cane toad is engulfed in freezing vapours.
The cane toad seems to slow down.
The rime drake is engulfed in freezing vapours.
You closely miss the cane toad.
The cane toad is heavily wounded.
The rime drake is engulfed in freezing vapours.
The cane toad is engulfed in freezing vapours.
The cane toad stings you.
* * * LOW HITPOINT WARNING * * *
Unknown command.
You hit the cane toad.
The cane toad seems to slow down.
You freeze the cane toad.
You kill the cane toad!
Vehumet accepts your kill.
Vehumet offers you knowledge of Olgreb's Toxic Radiance.
You feel your power returning.
The rime drake is engulfed in freezing vapours.
The rime drake breathes ice at you. The flash freeze hits you!!
You die...

...........♣ ♣.♣ **,,,
...........♣ ♣.♣ *,,,,
..+#####+h.♣ ##∩## **,,,
..#,,,,,*,h♣ ##...## *,,,
..#,,,,,*,,♣*#....<# *,,,
..#,,,,,*,,,,#>....# *,,,
..#,,,,,*,,**#....<# **,,
..#,,,,,*,,* ##...## *,*,
.†+#####+..* ##@## ****
.††......h.* *♣§♣♣ *,
...†.......* *♣.♣k♣# *,
♣♣♣♣♣.♣♣♣♣♣* #..♣§§# ** *.♣
#.♣♣♣§# *, ** *,#*** #.,♣.§# ***
**** ,** *,,,,**
#♣,♣§♣#***,******,**
*,***,,**,****,,#..#,***,,**,*,,*
**,*,,⌠**,,*,,,#.#.#,,,,,,,,,,,,,


You could see a rime drake (catching breath).

Vanquished Creatures
  Josephine (D:12)
  8 vault guards
  Erica (D:8)
  5 hydras
  A catoblepas (D:13)
  4 centaur warriors
  2 tengu warriors
  3 two-headed ogres
  Pikel (D:9)
  2 orc knights
  A deep elf pyromancer (D:13)
  7 ugly things
  8 cyclopes
  7 manticores
  5 elephants (Lair:2)
  Maurice (D:11)
  A gargoyle (D:12)
  6 cane toads
  2 black mambas (Lair:3)
  An unseen horror (D:13)
  Maggie (D:8)
  6 komodo dragons
  A freezing wraith (D:15)
  2 tengu conjurers (D:14)
  2 trolls
  A polar bear (Lair:1)
  Prince Ribbit (D:5)
  Grinder (D:5)
  A wolf spider simulacrum (D:14)
  7 blink frogs
  6 slime creatures
  2 shadows
  Sigmund (D:2)
  A vampire (D:12)
  6 wraiths
  3 wyverns
  29 yaks
  A golden eye (shapeshifter) (D:13)
  2 basilisks
  3 steam dragons (D:8)
  3 vampire mosquitoes (D:12)
  A warg (D:14)
  2 nagas (Lair:2)
  11 orc warriors
  3 water moccasins
  2 sky beasts (D:6)
  2 ice beasts
  2 black bears
  A necrophage (D:3)
  A wolf (Lair:3)
  A boggart (D:15)
  9 centaurs
  A phantom (D:6)
  A lemure (D:9)
  9 bullfrogs
  4 scorpions
  2 water moccasin skeletons
  A wight (D:8)
  19 killer bees
  3 howler monkeys
  6 electric eels
  6 centaur zombies
  5 hounds
  10 orc priests
  2 jellies
  Crazy Yiuf (D:3)
  3 iguanas
  Natasha (thrice) (D:3)
  10 orc wizards
  A hound zombie (D:5)
  A howler monkey zombie (D:8)
  9 adders
  8 river rats (D:8)
  A shadow imp (D:5)
  2 ufetubi
  An adder skeleton (D:4)
  2 worms (D:3)
  4 dart slugs
  26 orcs
  7 bats
  9 endoplasms
  8 giant cockroaches
  10 goblins
  7 hobgoblins
  9 jackals
  8 quokkas
  9 ball pythons
  A jackal skeleton (D:8)
  A jackal zombie (D:8)
  18 kobolds
  17 rats
  7 foxfires
434 creatures vanquished.

Vanquished Creatures (collateral kills)
  A yak (D:8)
  Terence (D:3)
2 creatures vanquished.

Vanquished Creatures (others)
  A killer bee (D:9)
  924 foxfires
  3 fungi
  7 plants
935 creatures vanquished.

Grand Total: 1371 creatures vanquished

Notes
Turn   | Place    | Note
-------+----------+-------------------------------------------
     0 | D:1      | pokeman the Deep Elf Hedge Wizard began the quest for the
                  | Orb.
     0 | D:1      | Reached XP level 1. HP: 10/10 MP: 7/7
   331 | D:1      | Reached XP level 2. HP: 16/16 MP: 0/9
   456 | D:1      | Found a faded altar of an unknown god.
   727 | D:1      | Reached skill level 5 in Spellcasting
   986 | D:1      | Reached XP level 3. HP: 20/20 MP: 6/11
   990 | D:1      | Learned a level 3 spell: Mephitic Cloud
   993 | D:1      | Learned a level 2 spell: Call Imp
   996 | D:1      | Learned a level 2 spell: Blink
  1000 | D:1      | Learned a level 3 spell: Conjure Flame
  1151 | D:1      | You fall into a shaft and drop 1 floor!
  1287 | D:2      | Reached skill level 1 in Fighting
  1415 | D:2      | Reached skill level 1 in Armour
  2174 | D:2      | Reached XP level 4. HP: 25/25 MP: 5/13
  2380 | D:2      | Noticed Sigmund
  2417 | D:2      | Killed Sigmund
  2418 | D:2      | Reached skill level 6 in Spellcasting
  2418 | D:2      | Reached skill level 1 in Fire Magic
  2418 | D:2      | Reached XP level 5. HP: 24/29 MP: 5/16
  3290 | D:3      | Reached XP level 6. HP: 30/34 MP: 10/17
  3626 | D:3      | Reached skill level 7 in Spellcasting
  3626 | D:3      | Reached skill level 1 in Air Magic
  3689 | D:3      | Noticed Terence
  3702 | D:3      | Killed Terence
  3771 | D:3      | Noticed Natasha
  3776 | D:3      | Killed Natasha
  3967 | D:3      | Found a runed translucent door.
  3968 | D:3      | Noticed Crazy Yiuf
  3974 | D:3      | Killed Crazy Yiuf
  4062 | D:3      | Noticed Natasha
  4068 | D:3      | Killed Natasha
  4197 | D:3      | Noticed Natasha
  4209 | D:3      | Killed Natasha
  4210 | D:3      | Reached skill level 1 in Poison Magic
  4356 | D:4      | Reached XP level 7. HP: 24/38 MP: 12/20
  4701 | D:4      | Reached skill level 1 in Shields
  4701 | D:4      | Reached skill level 8 in Spellcasting
  4801 | D:4      | Found the +9 scales of the Dragon King {rPois rF+ rC+
                  | Will+}
  5420 | D:4      | Learned a level 3 spell: Swiftness
  5423 | D:4      | Learned a level 2 spell: Passwall
  5479 | D:5      | Entered Level 5 of the Dungeon
  5616 | D:5      | Noticed Grinder
  5631 | D:5      | Paralysed by Grinder for 6 turns
  5637 | D:5      | Killed Grinder
  5760 | D:5      | Reached XP level 8. HP: 45/45 MP: 16/22
  5807 | D:5      | Reached skill level 9 in Spellcasting
  5835 | D:5      | Reached skill level 1 in Earth Magic
  6039 | D:5      | Noticed Prince Ribbit
  6055 | D:5      | Killed Prince Ribbit
  6056 | D:5      | Reached skill level 1 in Transmutations
  6056 | D:5      | Reached skill level 1 in Evocations
  6100 | D:5      | Reached skill level 5 in Conjurations
  6130 | D:5      | Found a staircase to the Ecumenical Temple.
  6141 | Temple   | Entered the Ecumenical Temple
  6158 | Temple   | Became a worshipper of Vehumet
  6483 | D:6      | Reached skill level 10 in Spellcasting
  6703 | D:6      | Found Otoddeah's Antique Weapon Shop.
  6942 | D:6      | Reached XP level 9. HP: 49/49 MP: 25/25
  7053 | D:6      | Found a blossoming altar of Fedhas.
  7732 | D:7      | Reached skill level 11 in Spellcasting
  8521 | D:8      | Found a runed translucent door.
  8524 | D:8      | Noticed Maggie
  8544 | D:8      | Killed Maggie
  8544 | D:8      | Reached * piety under Vehumet
  8544 | D:8      | Offered knowledge of Foxfire by Vehumet.
  8547 | D:8      | Learned a level 1 spell: Foxfire
  8602 | D:8      | Found a basalt altar of Yredelemnul.
  8651 | D:8      | Found a white marble altar of Elyvilon.
  8759 | D:8      | Reached skill level 12 in Spellcasting
  8762 | D:8      | Reached skill level 5 in Fire Magic
  8827 | D:8      | Noticed Erica
  8833 | D:8      | Killed Erica
  8834 | D:8      | Reached XP level 10. HP: 54/54 MP: 28/28
  9284 | D:8      | Reached ** piety under Vehumet
  9289 | D:8      | Offered knowledge of Searing Ray by Vehumet.
  9341 | D:8      | Reached skill level 13 in Spellcasting
 10074 | D:8      | Found a staircase to the Lair.
 10511 | D:9      | Noticed Pikel
 10520 | D:9      | Killed Pikel
 10582 | D:9      | Found a hazy altar of Hepliaklqana.
 10597 | D:9      | Offered knowledge of Ignite Poison by Vehumet.
 10774 | D:9      | Reached skill level 14 in Spellcasting
 10845 | D:9      | Noticed a manticore
 10872 | D:9      | Killed a manticore
 10873 | D:9      | Reached XP level 11. HP: 60/60 MP: 31/31
 10910 | D:9      | Reached *** piety under Vehumet
 11455 | D:10     | Entered Level 10 of the Dungeon
 11455 | D:10     | Found a flagged portal.
 11462 | Bailey   | Entered a bailey
 11506 | Bailey   | Identified the +0 ring mail of Disaster {Regen+ Dex+3}
 11561 | Bailey   | Identified the +1 hand crossbow of the Radish {elec, Dex+5}
 11631 | Bailey   | Offered knowledge of Sticky Flame by Vehumet.
 12132 | D:10     | Reached **** piety under Vehumet
 13126 | D:11     | Noticed a centaur warrior
 13155 | D:11     | Reached skill level 15 in Spellcasting
 13158 | D:11     | Killed a centaur warrior
 13166 | D:11     | Offered knowledge of Inner Flame by Vehumet.
 13317 | D:11     | Noticed a two-headed ogre
 13351 | D:11     | Killed a two-headed ogre
 13375 | D:11     | Noticed a two-headed ogre
 13388 | D:11     | Killed a two-headed ogre
 14116 | D:11     | Found a staircase to the Orcish Mines.
 14159 | D:11     | Noticed Maurice
 14179 | D:11     | Killed Maurice
 15071 | D:12     | Reached XP level 12. HP: 66/66 MP: 31/33
 15139 | D:12     | Noticed Josephine
 15449 | D:12     | Killed Josephine
 15450 | D:12     | Reached skill level 16 in Spellcasting
 15597 | D:12     | Reached skill level 10 in Conjurations
 15813 | D:12     | Noticed a two-headed ogre
 15828 | D:12     | Killed a two-headed ogre
 16106 | D:13     | Noticed a catoblepas
 16287 | D:13     | Noticed a four-headed hydra
 16299 | D:13     | Killed a four-headed hydra
 16366 | D:13     | Reached skill level 5 in Armour
 16472 | D:13     | Noticed a centaur warrior
 16473 | D:13     | Noticed a centaur warrior
 16504 | D:13     | Killed a centaur warrior
 16506 | D:13     | Killed a centaur warrior
 16572 | D:13     | Noticed a four-headed hydra
 16585 | D:13     | Killed a four-headed hydra
 16860 | D:13     | Reached skill level 17 in Spellcasting
 17326 | D:13     | Killed a catoblepas
 17361 | D:13     | Found a gate to the Vaults.
 17361 | D:13     | Noticed a vault guard
 17361 | D:13     | Noticed a vault guard
 17361 | D:13     | Noticed a vault guard
 17361 | D:13     | Noticed a vault guard
 17361 | D:13     | Noticed a vault guard
 17361 | D:13     | Noticed a vault guard
 17361 | D:13     | Noticed a vault guard
 17361 | D:13     | Noticed a vault guard
 17374 | D:13     | Killed a vault guard
 17376 | D:13     | Killed a vault guard
 17388 | D:13     | Killed a vault guard
 17418 | D:13     | Killed a vault guard
 17419 | D:13     | Reached skill level 5 in Fighting
 17419 | D:13     | Reached XP level 13. HP: 47/72 MP: 18/36
 17494 | D:12     | Reached skill level 10 in Fire Magic
 18546 | D:14     | Reached skill level 18 in Spellcasting
 18911 | D:14     | Identified the +6 hand axe "Zesch" {freeze, rN++ Int+4}
 18960 | D:14     | Reached ***** piety under Vehumet
 18982 | D:14     | Offered knowledge of Freezing Cloud by Vehumet.
 18990 | D:14     | Learned a level 6 spell: Freezing Cloud
 19579 | D:14     | Reached skill level 1 in Ice Magic
 19868 | D:15     | Entered Level 15 of the Dungeon
 20122 | D:15     | HP: 2/74 [centaur warrior/arrow (9)]
 20533 | D:15     | Noticed Louise
 20829 | Lair:1   | Entered Level 1 of the Lair of Beasts
 21234 | Lair:1   | Reached skill level 19 in Spellcasting
 21818 | Lair:1   | Reached XP level 14. HP: 79/80 MP: 38/39
 22082 | Lair:2   | Found a staircase to the Snake Pit.
 22123 | Lair:2   | Found a staircase to the Swamp.
 23066 | Lair:3   | Offered knowledge of Olgreb's Toxic Radiance by Vehumet.
 23066 | Lair:3   | Killed from afar by a rime drake

Illustrated notes

Levels and vault maps discovered:
D:1:      beargit_arrival_greenhouse, layout_basic,
          ebering_ecumenical_altar_rust
D:2:      wad_crossroads, layout_basic, kennysheep_decorative_pillar,
          uniq_sigmund
D:3:      layout_loops_ring, minmay_quadrilaterals, uniq_crazy_yiuf_cottage,
          uniq_terence, uniq_natasha
D:4:      layout_gridville, serial_glass, glass_columns_a, glass_columns_c,
          glass_columns_b, glass_columns_b, glass_columns_a, glass_columns_b,
          due_unseen_surprise, st_stairs_7, minivault_5
D:5:      layout_rooms, minmay_temple_entry_slanted, uniq_grinder,
          uniq_prince_ribbit1
D:6:      layout_loops_ring, fedhas_altar_fruit_tree, serial_shops,
          shop_fountains
D:7:      layout_basic
D:8:      lemuel_ratsnest, layout_basic, dk_yredelemnul_ordeal,
          kennysheep_mini_moat, erik_lair_dragon, minivault_14, uniq_erica,
          uniq_maggie
D:9:      layout_loops_ring, worldfamousw_hep_ancestral_shrine,
          chequers_serial_rivers_micro_d, centaur_isle, uniq_pikel
D:10:     layout_stronghold, enter_bailey_2
D:11:     layout_loops_corners, orc_0_dummy, skrybe_limestone_x, uniq_maurice
D:12:     layout_loops_corners, uniq_josephine
D:13:     layout_cave_pods, erik_vaults_2
D:14:     layout_basic, serial_co_window_serial, co_window_of_opportunity_a,
          co_window_corner_a, co_window_paths_a, co_window_paths_b,
          co_window_paths_b, co_window_of_opportunity_a, co_window_paths_b,
          co_window_unsneaky_path_e, co_window_corner_ca, co_window_corner_b,
          co_window_sun
D:15:     gammafunk_enter_depths_forms, layout_irregular_city, grunt_decor_cap,
          evilmike_minifort, uniq_louise
Temple:   compressed_dpeg_circular_temple
Lair:1:   layout_chaotic_city
Lair:2:   layout_roguey, minmay_swamp_entry_eels, guppyfry_snake_entry_island,
          serial_bayou_crossing
Lair:3:   nzn_winding_woodlands_stair_trap [nzn_winding_woodlands_5x15_twine,
          nzn_winding_woodlands_5x15_garden, nzn_winding_woodlands_5x15_crooked,
          nzn_winding_woodlands_15x15_killbox, nzn_winding_woodlands_5x15_cabin,
          nzn_winding_woodlands_5x15_pathside_ponds,
          nzn_winding_woodlands_5x15_pool], layout_cave_pods,
          gauntlet_entry_generic, minmay_holes

Skill      XL: |  1  2  3  4  5  6  7  8  9 10 11 12 13 14 |
---------------+-------------------------------------------+-----
Spellcasting   | 5 6 7 8 10 12 14 15 17 19 | 19.3
Fighting       | 1 2 3 4 5 6 |  6.2
Armour         | 1 2 3 4 5 |  5.7
Conjurations   | 2 3 4 5 7 8 9 10 11 12 | 12.2
Dodging        | 3 |  3.3
Fire Magic     | 1 3 5 6 8 9 11 | 11.4
Stealth        | 3 |  3.1
Air Magic      | 1 |  1.1
Poison Magic   | 1 |  1.0
Shields        | 1 3 4 |  4.0
Earth Magic    | 1 |  1.0
Transmutations | 1 |  1.4
Evocations     | 1 |  1.2
Ice Magic      | 1 |  1.0
Summonings     | |  1.1
Translocations | |  1.1

Action                   |  1- 3 |  4- 6 |  7- 9 | 10-12 | 13-15 || total
-------------------------+-------+-------+-------+-------+-------++-------
Melee: Dagger            |     4 |     2 |       |       |       ||     6
       Scythe            |       |    23 |    67 |     8 |       ||    98
       Scimitar          |       |       |       |   100 |    48 ||   148
       Hand axe          |       |       |       |       |    91 ||    91
 Fire: Hand crossbow     |       |       |       |    21 |       ||    21
 Cast: Magic Dart        |   120 |    93 |   235 |    86 |    12 ||   546
       Mephitic Cloud    |       |     3 |    19 |    66 |    36 ||   124
       Conjure Flame     |       |     3 |    17 |    76 |    56 ||   152
       Blink             |       |     2 |       |    18 |    20 ||    40
       Call Imp          |       |     1 |     3 |    23 |    28 ||    55
       Passwall          |       |       |     2 |     4 |     2 ||     8
       Foxfire           |       |       |       |   402 |   108 ||   510
       Freezing Cloud    |       |       |       |       |    39 ||    39
Evoke: Wand              |       |       |       |       |     1 ||     1
  Use: Scroll            |       |       |    12 |     7 |     3 ||    22
 Stab: Sleeping          |       |     2 |     1 |       |       ||     3
       Confused          |       |     1 |     7 |     8 |     8 ||    24
Armor: Robe              |    13 |       |       |       |       ||    13
       Leather armour    |       |     1 |    32 |       |       ||    33
       Acid dragon scale |       |       |       |    98 |    61 ||   159
Dodge: Dodged            |    24 |    18 |    65 |   112 |   117 ||   336
Block: Buckler           |       |       |       |    36 |    35 ||    71
       Rpst.: Scimitar   |       |       |       |    22 |     7 ||    29

Table legend: (Time is in decaauts)
 A = Elapsed time spent in this place.
 B = Non-inter-level travel time spent in this place.
 C = Inter-level travel time spent in this place.
 D = Time resting spent in this place.
 E = Time spent auto-exploring this place.
 F = Levels seen in this place.
 G = Mean time per level.
                   A        B        C        D        E       F      G
               +--------+--------+--------+--------+--------+-----+--------+
         Total |  23321 |  21849 |   1472 |   1467 |  15735 |  20 | 1166.1 |
       Dungeon |  20404 |  19080 |   1324 |   1307 |  13926 |  15 | 1360.3 |
        Temple |     74 |     56 |     18 |      0 |     13 |   1 |   74.0 |
          Lair |   2270 |   2141 |    129 |    105 |   1522 |   3 |  756.7 |
        Bailey |    572 |    572 |      0 |     55 |    273 |   1 |  572.0 |
               +--------+--------+--------+--------+--------+-----+--------+

Top non-repeatable levels by time:
    D:13: 2213 daAuts
    D:12: 1968 daAuts
     D:8: 1771 daAuts
     D:2: 1582 daAuts
    D:11: 1400 daAuts
     D:4: 1360 daAuts
     D:9: 1346 daAuts
     D:1: 1341 daAuts
    D:14: 1335 daAuts
     D:3: 1332 daAuts
     D:6: 1308 daAuts
  Lair:2: 1096 daAuts
  Lair:1: 988 daAuts
     D:5: 958 daAuts
    D:10: 848 daAuts
